 Dungeon Crawl Stone Soup version 0.22.1-2-g9c5b331383 (webtiles) character file.

255 Mysteryquy the Shield-Bearer (level 6, -2/38 HPs)
             Began as a Gargoyle Fighter on Nov 24, 2018.
             Killed by divine providence
             ... invoked by an orc priest
              (13 damage)
             ... on level 4 of the Dungeon.
             The game lasted 00:04:12 (2265 turns).

Mysteryquy the Shield-Bearer (Gargoyle Fighter)     Turns: 2265, Time: 00:04:13

Health: -2/38      AC: 12    Str: 22    XL:     6   Next: 15%
Magic:  6/6        EV:  8    Int:  8    God:
Gold:   161        SH: 10    Dex:  9    Spells: 5/5 levels left

rFire    . . .     SeeInvis .   a - +0 flail
rCold    . . .     Gourm    .   c - +0 shield
rNeg     + . .     Faith    .   b - +0 scale mail
rPois    ∞         Spirit   .   (no helmet)
rElec    +         Reflect  .   s - +0 cloak
rCorr    .         Harm     .   (no gloves)
MR       .....                  (no boots)
Stlth    ..........             (no amulet)
HPRegen  0.12/turn              (no ring)
MPRegen  0.10/turn              (no ring)

@: no status effects
A: negative energy resistance 1, electricity resistance, unbreathing,
petrification resistance, rot immunity, AC +4
a: no special abilities


You were on level 4 of the Dungeon.
You were not hungry.

You visited 1 branch of the dungeon, and saw 4 of its levels.

You collected 161 gold pieces.

Inventory:

Hand Weapons
 a - a +0 flail (weapon)
Armour
 b - a +0 scale mail (worn)
 c - a +0 shield (worn)
 s - a +0 cloak (worn)
Jewellery
 k - an uncursed amulet of harm {unknown}
Wands
 n - a wand of paralysis (19)
Scrolls
 g - 2 scrolls of immolation {unknown}
 h - 2 scrolls of amnesia {unknown}
 j - 3 scrolls of identify {unknown}
 m - 2 scrolls of teleportation {unknown}
 q - 2 scrolls of remove curse {unknown}
 r - a scroll of fog {unknown}
 u - a scroll of magic mapping {unknown}
Potions
 d - a potion of might
 e - a potion of mutation {unknown}
 i - a potion of magic {unknown}
 l - a potion of lignification {unknown}
 o - a potion of berserk rage {unknown}
 p - 2 potions of agility {unknown}
 t - a potion of curing {unknown}
Comestibles
 f - 15 rations


   Skills:
 + Level 4.1 Fighting
 + Level 3.9 Maces & Flails
 + Level 3.9 Armour
 + Level 1.1 Dodging
 + Level 4.9 Shields


You had 5 spell levels left.
You didn't know any spells.
Your spell library was empty.

Dungeon Overview and Level Annotations

Branches:
Dungeon (4/15)
 Temple: D:4-7

Altars:


Innate Abilities, Weirdness & Mutations

You are resistant to torment.
Your stone body is resilient. (AC +4)
You are immune to poison.
You resist negative energy. (rN+)
You are resistant to electric shocks. (rElec)
You can survive without breathing.
You are immune to petrification.
You are immune to rotting.


Message History

The bullfrog hits you but does no damage.
The giant cockroach misses you. The bullfrog hits you.
Your scale mail prevents you from hitting the bullfrog.
The bullfrog is moderately wounded.
You block the bullfrog's attack. You block the giant cockroach's attack.
The bullfrog hits you. The giant cockroach barely misses you.
You hit the bullfrog but do no damage.
The bullfrog is moderately wounded.
The bullfrog barely misses you.
The giant cockroach bites you but does no damage.
The bullfrog closely misses you.
The orc priest mumbles some strange prayers to Beogh against you.
Beogh smites you!
* * * LOW HITPOINT WARNING * * *
You block the bullfrog's attack.
The bullfrog hits you but does no damage.
You block the giant cockroach's attack.
The orc priest calls down the wrath of Beogh upon you.
Beogh smites you!
You die...

+.....# #.....# ... #.....+
s... # #..... .... #[ #....#
....# ##.####....##....#
.................#
....>............#
.........@s......# ###
..##...##F####..#
##.####+####...##l#####+####
...........#...#ooo..o.o....
...........#...#.....o......
...........+...#............
..###.....###..####.####....
#####.....###..######### ###
..................#....#


You could see a bullfrog, an iguana, an orc priest, an orc wizard and a giant
cockroach.

Vanquished Creatures
  An orc wizard (D:3)
  Jessica (D:2)
  Terence (D:2)
  A worker ant (D:3)
  5 adders
  3 oozes
  An adder skeleton (D:4)
  3 worms
  3 dart slugs
  A leopard gecko (D:2)
  8 orcs
  5 bats
  3 giant cockroaches
  5 goblins
  4 hobgoblins
  7 jackals
  10 kobolds
  A ball python (D:2)
  4 frilled lizards
  8 rats
75 creatures vanquished.

Notes
Turn   | Place    | Note
-------+----------+-------------------------------------------
     0 | D:1      | Mysteryquy the Gargoyle Fighter began the quest for the
                  | Orb.
     0 | D:1      | Reached XP level 1. HP: 14/14 MP: 1/1
   141 | D:1      | Reached XP level 2. HP: 18/19 MP: 2/2
   502 | D:2      | Reached XP level 3. HP: 24/24 MP: 3/3
   738 | D:2      | Noticed Jessica
   742 | D:2      | Killed Jessica
   742 | D:2      | Reached XP level 4. HP: 27/29 MP: 4/4
   798 | D:2      | Noticed Terence
   809 | D:2      | Killed Terence
   809 | D:2      | Reached XP level 5. HP: 33/33 MP: 5/5
  1749 | D:3      | Reached skill level 1 in Dodging
  1888 | D:3      | Reached XP level 6. HP: 32/38 MP: 6/6
  2265 | D:4      | Killed from afar by an orc priest

Skill      XL: |  1  2  3  4  5 |
---------------+----------------+-----
Shields        | 4 |  4.9
Fighting       | 4 |  4.1
Maces & Flails | 3 |  3.9
Dodging        | 1 |  1.1
Armour         | |  3.9

Action                   |  1- 3 |  4- 6 || total
-------------------------+-------+-------++-------
Melee: Flail             |   108 |   192 ||   300
  Eat: Chunk             |       |     5 ||     5
Armor: Scale mail        |    72 |   159 ||   231
Dodge: Dodged            |    42 |   113 ||   155
Block: Shield            |    69 |   169 ||   238
